 Dungeon Crawl Stone Soup version 0.30.0-29-ga12c61a403 (webtiles) character file.

Game seed: 1732344511300431862

156 Irreverend the Gusty (level 5, -5/38 HPs)
             Began as a Draconian Air Elementalist on June 6, 2023.
             Killed by divine providence
             ... invoked by an orc priest
              (13 damage)
             ... on level 3 of the Dungeon.
             The game lasted 00:06:15 (2694 turns).

Irreverend the Gusty (Draconian Air Elementalist)   Turns: 2694, Time: 00:06:15

Health: -5/38      AC:  5    Str: 10    XL:     5   Next: 15%
Magic:  1/9        EV: 12    Int: 18    God:
Gold:   140        SH:  0    Dex: 11    Spells: 3/10 levels left

rFire   . . .        (no weapon)
rCold   . . .        (no shield)
rNeg    . . .        (body armour unavailable)
rPois   .            (helmet restricted)
rElec   .            (no cloak)
rCorr   .            (no gloves)
SInv    .            (no boots)
Will    .....        l - amulet of magic regeneration
Stlth   ++           j - ring of wizardry
HPRegen 0.26/turn    (no ring)
MPRegen 0.51/turn

%: wizardry (x1)
@: no status effects
A: AC +5, unfitting armour, cold-blooded
a: no special abilities


You were on level 3 of the Dungeon.
You visited 1 branch of the dungeon, and saw 6 of its levels.

You collected 140 gold pieces.

Inventory:

Jewellery
 h - an amulet of guardian spirit
 j - a ring of wizardry (left hand)
 l - an amulet of magic regeneration (around neck)
Scrolls
 b - a scroll of fear {unknown}
 g - 2 scrolls of amnesia {unknown}
 i - a scroll of poison {unknown}
 k - a scroll of identify {unknown}
 n - a scroll of enchant armour {unknown}
Potions
 a - a potion of magic
 c - a potion of lignification {unknown}
 d - a potion of degeneration {unknown}
 e - a potion of curing
 f - a potion of invisibility {unknown}
 m - a potion of haste {unknown}


   Skills:
 + Level 2.8 Dodging
 - Level 1.7 Stealth
 + Level 3.0 Spellcasting
 + Level 2.5 Conjurations
 + Level 3.8 Air Magic


You had 3 spell levels left.
You knew the following spells:

 Your Spells              Type           Power      Damage    Failure   Level
a - Shock                 Conj/Air       56%        1d6       1%          1
b - Static Discharge      Conj/Air       28%        2-4/arc   2%          2
c - Airstrike             Air            8%         2d(2-18)  13%         4

Your spell library contained the following spells:

 Spells                   Type           Power      Damage    Failure   Level
 Swiftness                Air            16%        N/A       4%          3


Dungeon Overview and Level Annotations

Branches:
Dungeon (6/15)
 Temple: D:4-7

Altars:
Qazlal


Innate Abilities, Weirdness & Mutations

Your plain brown scales are hard. (AC +5)
You cannot fit into any form of body armour.
You are cold-blooded and may be slowed by cold attacks.


Message History

Confirm with . or Enter, or press ? or * to list all spells.
Aiming: Shock (safe; 1% risk of failure)
Press: ? - help, Shift-Dir - straight line The zap hits the orc priest.
The orc priest is heavily wounded.
The zap hits the orc priest.
The orc priest is heavily wounded.
The orc priest calls down the wrath of Beogh upon you.
Beogh smites you!
* * * LOW HITPOINT WARNING * * *
Casting: Shock (safe; 1% risk of failure)
Confirm with . or Enter, or press ? or * to list all spells.
Aiming: Shock (safe; 1% risk of failure)
Press: ? - help, Shift-Dir - straight line The zap hits the orc priest.
The orc priest is severely wounded.
The zap hits something. x2
The zap hits the orc priest but does no damage.
The orc priest is severely wounded.
The orc priest barely misses you.
Casting: Shock (safe; 1% risk of failure)
Confirm with . or Enter, or press ? or * to list all spells.
The orc priest is struck by an arc of lightning.
The orc priest is almost dead.
Something is struck by an arc of lightning.
The orc is struck by an arc of lightning.
The orc is heavily wounded.
The lightning grounds out.
The orc priest closely misses you.
Casting: Static Discharge (safe; 2% risk of failure)
Confirm with . or Enter, or press ? or * to list all spells.
The orc priest is struck by an arc of lightning.
The orc priest is almost dead.
Something is struck by an arc of lightning.
The lightning grounds out.
The orc priest closely misses you.
Casting: Static Discharge (safe; 2% risk of failure)
Confirm with . or Enter, or press ? or * to list all spells.
You don't have enough magic to cast this spell.
The orc priest invokes the aid of Beogh against you.
Beogh smites you!
You die...

##########
#........#
###
#.######.#
#...####.#
#.#
#....#)#
#.#
#...>.#
#.#
#..#)###
#@# #..
... #.# #
###. #o#
#. ###{#
#. #.)o#
#. #.###
#. #.# #.#
........#


You could see an orc priest and an orc.

Vanquished Creatures
  2 hounds
  An orc priest (D:3)
  2 worms (D:2)
  2 dart slugs (D:1)
  4 orcs (D:3)
  2 bats (D:2)
  5 endoplasms
  A giant cockroach (D:1)
  2 goblins (D:2)
  5 hobgoblins (D:1)
  7 jackals
  4 kobolds
  A quokka (D:1)
  4 ball pythons
  A rat (D:2)
43 creatures vanquished.

Notes
Turn   | Place    | Note
-------+----------+-------------------------------------------
     0 | D:1      | Irreverend the Draconian Air Elementalist began the quest
                  | for the Orb.
     0 | D:1      | Reached XP level 1. HP: 14/14 MP: 3/3
   317 | D:1      | Reached XP level 2. HP: 20/20 MP: 0/5
   966 | D:1      | Reached XP level 3. HP: 26/26 MP: 3/6
   969 | D:1      | Learned a level 2 spell: Static Discharge
  1205 | D:2      | Found a faded altar of an unknown god.
  1705 | D:2      | Found a stormy altar of Qazlal.
  2371 | D:3      | You fall into a shaft and drop 3 floors!
  2390 | D:5      | Entered Level 5 of the Dungeon
  2396 | D:5      | Reached XP level 4. HP: 17/33 MP: 0/8
  2557 | D:3      | Reached XP level 5. HP: 12/38 MP: 1/9
  2659 | D:3      | Learned a level 4 spell: Airstrike
  2694 | D:3      | Killed from afar by an orc priest

Illustrated notes

Levels and vault maps discovered:
D:1:      minmay_arrival_cross, layout_loops_ring
D:2:      layout_loops_corners, chequers_ecumenical_altar_simple_redux,
          basic_altar, minmay_misc_feat_tiny, dk_noncrumbling_2
D:3:      layout_loops_ring
D:4:      layout_gridville, nicolae_ru_path_of_blood, serial_glass,
          glass_columns_a, glass_columns_a, glass_columns_b, glass_columns_b,
          glass_columns_a, glass_columns_a, glass_columns_a, glass_columns_b,
          hellmonk_ghost_happy_afterlife, uniq_pikel
D:5:      layout_loops_ring, gammafunk_temple_overflow_arena,
          lemuel_temple_firewalk_a, uniq_edmund
D:6:      layout_basic, uniq_grinder

Skill      XL: |  1  2  3  4 |
---------------+-------------+-----
Dodging        | 2 |  2.8
Conjurations   | 2 |  2.5
Spellcasting   | 3 |  3.0
Stealth        | |  1.7
Air Magic      | |  3.8

Action                     |  1- 3 |  4- 6 || total
---------------------------+-------+-------++-------
  Melee: Unarmed           |    11 |     2 ||    13
         Tailslap          |     1 |     1 ||     2
   Cast: Shock             |    52 |    12 ||    64
         Static Discharge  |    20 |    12 ||    32
    Use: Potion            |       |     1 ||     1
 Armour: Skin              |     8 |     6 ||    14
  Dodge: Dodged            |    26 |    24 ||    50
